 Dungeon Crawl Stone Soup version 0.28.0-45-g0d030f2227 (webtiles) character file.

Game seed: 14177145278149811048

571 thiscave3701365 the Shield-Bearer (level 7, -2/56 HPs)
             Began as a Formicid Fighter on Apr 21, 2022.
             Slain by an orc
             ... wielding a +0 flail
              (7 damage)
             ... on level 4 of the Dungeon.
             The game lasted 00:04:32 (3583 turns).

thiscave3701365 the Shield-Bearer (FoFi)            Turns: 3583, Time: 00:04:33

Health: -2/56      AC:  9    Str: 22    XL:     7   Next: 60%
Magic:  7/7        EV:  7    Int:  8    God:
Gold:   152        SH:  5    Dex: 10    Spells: 6/6 levels left

rFire   . . .      SeeInvis +   b - +1 scythe (flame)
rCold   . . .      Faith    .   c - +0 buckler
rNeg    . . .      Spirit   .   n - +0 chain mail
rPois   .          Reflect  .   (helmet unavailable)
rElec   .          Harm     .   (no cloak)
rCorr   .          Rampage  .   (no gloves)
Will    .....                   (no boots)
Stlth   ..........              (no amulet)
HPRegen 0.18/turn               (no ring)
MPRegen 0.10/turn               (no ring)

@: no status effects
A: permanent stasis, dig shafts and tunnels, antennae 3, four strong arms
a: Dig, Shaft Self


You were on level 4 of the Dungeon.
You visited 1 branch of the dungeon, and saw 4 of its levels.

You collected 152 gold pieces.

Inventory:

Hand Weapons
 a - a +0 quarterstaff
 b - a +1 scythe of flaming (weapon)
Armour
 c - a +0 buckler (worn)
 n - a +0 chain mail (worn)
Jewellery
 h - a ring of protection from cold
Scrolls
 g - a scroll of silence {unknown}
 j - 2 scrolls of amnesia {unknown}
 k - a scroll of teleportation {unknown}
 m - a scroll of fear {unknown}
 o - 2 scrolls of identify {unknown}
Potions
 d - a potion of might
 e - a potion of heal wounds {unknown}
 f - a potion of lignification {unknown}
 i - a potion of curing {unknown}
 l - a potion of attraction {unknown}


   Skills:
 + Level 5.1 Fighting
 + Level 1.3(3.0) Polearms
 + Level 4.3(4.4) Staves
 + Level 5.2 Armour
 + Level 0.3 Dodging
 + Level 5.4 Shields


You had 6 spell levels left.
You didn't know any spells.
Your spell library contained the following spells:

 Spells                   Type           Power      Damage    Failure   Level
 Ensorcelled Hibernation  Hex/Ice        0%         N/A       99%         2
 Passwall                 Tmut/Erth      0%         N/A       99%         2
 Swiftness                Air            Unusable   N/A       N/A         3

Dungeon Overview and Level Annotations

Branches:
Dungeon (4/15)
 Temple: D:4-7

Altars:
Ru

Shops:
D:4 =


Innate Abilities, Weirdness & Mutations

You cannot be hasted, slowed, berserked, paralysed or teleported.
You can dig through walls and to a lower floor.
You have a pair of large antennae on your head. (SInv)
Your four strong arms can wield two-handed weapons with a shield.


Message History

You closely miss the orc. The orc barely misses you.
The orc hits you with a +0 flail.
The orc wizard casts a spell.
The orc wizard flickers and vanishes for a moment.
The orc hits you but does no damage. The orc hits you with a +0 flail.
The orc wizard hits you with a +0 dagger.
You barely miss the orc. You block the orc's attack.
The orc hits you but does no damage. x2
The orc wizard hits you with a +0 dagger.
The orc barely misses you. x2; The orc hits you but does no damage.
The orc wizard hits you but does no damage.
You barely miss the orc. The orc barely misses you. You block the orc's attack.
The orc hits you with a +0 dagger.
The orc wizard hits you but does no damage.
You block the orc's attack. The orc hits you with a +0 flail.
The orc hits you but does no damage.
You slice the orc wizard!! You burn the orc wizard.
You kill the orc wizard!
You block the orc's attack. The orc barely misses you. x2
You block the orc's attack. The orc hits you with a +0 falchion.
* * * LOW HITPOINT WARNING * * *
Your base Polearms skill increases to level 1!
You hit the orc but do no damage.
The orc is moderately wounded.
The orc hits you with a +0 flail.
* * * LOW HITPOINT WARNING * * *
The orc barely misses you. The orc hits you with a +0 hand axe.
* * * LOW HITPOINT WARNING * * *
The orc hits you but does no damage. You block the orc's attack.
The orc barely misses you. The orc hits you but does no damage. x2
You hit the orc. You burn the orc.
The orc is heavily wounded.
The orc hits you with a +0 flail!
* * * LOW HITPOINT WARNING * * *
The orc hits you but does no damage. x2; The orc barely misses you. x2
The orc hits you but does no damage. x2
You slash the orc! You burn the orc.
You kill the orc!
You block the orc's attack. The orc hits you with a +0 flail!
You die...

#.........<....'.##.#
#..............#....#####
.......#+##...#........#
........{ #####........#
........ {{{+........#
......# #....:...# .....
#####........#
#...').......#
#.##@o.......#
#...o)o.......#
#....g.....####
#..........#
............#
.#.......>...#
########'#### ..


You could see 3 orcs and a hobgoblin.

Vanquished Creatures
  Sigmund (D:3)
  A sky beast (D:4)
  2 black bears
  2 orc wizards (D:4)
  3 adders
  An adder skeleton (D:4)
  2 worms (D:2)
  4 dart slugs
  3 orcs (D:4)
  5 bats
  3 endoplasms
  A giant cockroach (D:2)
  3 goblins
  5 hobgoblins
  7 jackals
  A quokka (D:2)
  6 ball pythons
  2 frilled lizards (D:1)
  4 kobolds
  A rat (D:1)
57 creatures vanquished.

Notes
Turn   | Place    | Note
-------+----------+-------------------------------------------
     0 | D:1      | thiscave3701365 the Formicid Fighter began the quest for
                  | the Orb.
     0 | D:1      | Reached XP level 1. HP: 18/18 MP: 1/1
    69 | D:1      | Reached XP level 2. HP: 17/24 MP: 2/2
   599 | D:1      | Found a faded altar of an unknown god.
   651 | D:1      | Reached XP level 3. HP: 29/29 MP: 3/3
   766 | D:1      | You fall into a shaft and drop 1 floor!
  1210 | D:2      | Noticed a black bear
  1222 | D:2      | Killed a black bear
  1223 | D:2      | Reached XP level 4. HP: 18/37 MP: 4/4
  1223 | D:2      | Reached XP level 5. HP: 21/42 MP: 5/5
  2437 | D:3      | Noticed Sigmund
  2446 | D:3      | Killed Sigmund
  2447 | D:3      | Reached skill level 5 in Shields
  2447 | D:3      | Reached XP level 6. HP: 35/49 MP: 6/6
  2751 | D:3      | Found a sacrificial altar of Ru.
  3156 | D:4      | Noticed a sky beast
  3168 | D:4      | Killed a sky beast
  3169 | D:4      | Reached XP level 7. HP: 46/55 MP: 7/7
  3232 | D:4      | Reached skill level 5 in Fighting
  3232 | D:4      | Reached skill level 5 in Armour
  3307 | D:4      | Found Mepsy's Jewellery Emporium.
  3581 | D:4      | Reached skill level 1 in Polearms
  3583 | D:4      | Slain by an orc

Illustrated notes

Levels and vault maps discovered:
D:1:      dpeg_chamrin_arrival_tetris, layout_rooms,
          shapermc_ecumenical_altar_notcrosses, minmay_ruptured
D:2:      layout_basic, grunt_decor_one_mirror
D:3:      layout_loops_ring, lemuel_tele_altar, uniq_sigmund
D:4:      layout_basic, lemuel_crystal_altar, gammafunk_temple_overflow_arena,
          serial_shops, nicolae_square_shop, minmay_fractal_squares_gapless_5

Skill      XL: |  1  2  3  4  5  6  7 |
---------------+----------------------+-----
Shields        | 4 5 |  5.4
Fighting       | 4 5 |  5.1
Staves         | 3 4 |  4.3
Armour         | 4 5 |  5.2
Polearms       | 1 |  1.3
Dodging        | |  0.3

Action                   |  1- 3 |  4- 6 |  7- 9 || total
-------------------------+-------+-------+-------++-------
Melee: Quarterstaff      |    90 |    50 |       ||   140
       Scythe            |       |    11 |    47 ||    58
 Abil: Dig               |     9 |       |       ||     9
       Shaft Self        |     1 |       |       ||     1
Armor: Scale mail        |    51 |    21 |       ||    72
       Chain mail        |       |     6 |    45 ||    51
Dodge: Dodged            |    51 |    30 |    28 ||   109
Block: Buckler           |    30 |    19 |    23 ||    72
